 Dungeon Crawl Stone Soup version 0.30.0-29-ga12c61a403 (webtiles) character file.

Game seed: 3094165852312740830

108 qw the Chopper (level 4, -4/28 HPs)
             Began as a Gargoyle Fighter on June 6, 2023.
             Slain by Duvessa
             ... wielding a +0 short sword of venom
              (7 damage)
             ... on level 3 of the Dungeon.
             The game lasted 00:00:59 (2097 turns).

qw the Chopper (Gargoyle Fighter)                   Turns: 2097, Time: 00:01:00

Health: -4/28      AC: 11    Str: 22    XL:     4   Next: 87%
Magic:  4/4        EV:  9    Int:  8    God:
Gold:   128        SH:  4    Dex:  9    Spells: 3/3 levels left

rFire   . . .        Y - +0 war axe
rCold   . . .        c - +0 buckler
rNeg    + . .        b - +0 scale mail
rPois   inf          (no helmet)
rElec   +            (no cloak)
rCorr   .            e - +0 pair of gloves
SInv    .            (no boots)
Will    .....        (no amulet) Stlth
                     (no ring)
HPRegen 0.24/turn    (no ring)
MPRegen 0.09/turn

%: no passive effects
@: no status effects
A: sickness immunity, AC +3, negative energy resistance 1, electricity
resistance, torment resistance 1, petrification resistance
a: no special abilities


You were on level 3 of the Dungeon.
You visited 1 branch of the dungeon, and saw 4 of its levels.

You collected 128 gold pieces.


Innate Abilities, Weirdness & Mutations

You are immune to sickness and miasma.
Your stone body is resilient. (AC +3)
You are immune to poison.
You resist negative energy. (rN+)
You are resistant to electric shocks. (rElec)
You are resistant to unholy torment.
You are immune to petrification.


   Skills:
 - Level 3.2 Fighting
 + Level 4.4 Axes
 - Level 3.2 Armour
 - Level 3.2 Shields


You had 3 spell levels left.
You didn't know any spells.
Your spell library was empty.

Inventory:

Hand Weapons
 a - a +0 flail
 Y - a +0 war axe (weapon)
Armour
 b - a +0 scale mail (worn)
 c - a +0 buckler (worn)
 e - a +0 pair of gloves (worn)
Scrolls
 k - a scroll of identify
Potions
 d - a potion of might
 f - a potion of attraction
 h - a potion of heal wounds {unknown}
 i - a potion of haste {unknown}
 j - a potion of berserk rage {unknown}
 l - a potion of brilliance {unknown}
 n - a potion of mutation {unknown}
 o - a potion of curing {unknown}

Dungeon Overview and Level Annotations

Branches:
Dungeon (4/15)
 Temple: D:4-7

Altars:

Annotations:
D:3 Dowan, Duvessa


Message History

Duvessa seems to speed up.
Dowan is attracted toward you. Duvessa is attracted toward you.
You slash the dart slug!
You kill the dart slug!
You barely miss Dowan. You slash Duvessa!
Duvessa hits you with a +0 short sword of venom.
Dowan hits you with a +3 dagger.
Duvessa hits you with a +0 short sword of venom.
2093 ||| STAIRDANCE You block Duvessa's attack.
Dowan casts a spell at you. The puff of flame hits you.
You climb upwards.
There is a stone staircase leading down here.
Enter note:
Enter note:
Enter note:
Enter note:
Enter note:
Enter note:
Enter note:
Enter note:
Enter note: You slash Duvessa!
Duvessa is severely wounded.
You barely miss Dowan.
Duvessa hits you with a +0 short sword of venom!
Dowan hits you but does no damage.
Duvessa hits you with a +0 short sword of venom.
Dowan barely misses you.
You closely miss Duvessa.
Duvessa is severely wounded.
You hit Dowan. Duvessa closely misses you. Duvessa barely misses you.
Dowan closely misses you.
You feel less attractive to monsters.
You slash Duvessa!
Duvessa is almost dead.
You hit Dowan.
Duvessa hits you with a +0 short sword of venom!
You die...

#..........#
####.####### #.# ###
#.# ..## #.# #).##
#.# ##..#
####?########
###.###.....#.....##
..#.##..........@e.##
#.#.#.....(......e..#
#...................#
##..................#
##.................#
##..................#
#..##...............#
..##...............##
..................##


You could see Duvessa (fast) and Dowan.

Vanquished Creatures
  A gnoll (D:1)
  4 adders
  A worm (D:2)
  A dart slug (D:4)
  4 bats
  3 endoplasms
  A giant cockroach (D:1)
  A goblin (D:1)
  3 hobgoblins
  7 jackals
  3 kobolds
  8 quokkas
  7 ball pythons
  2 frilled lizards
  7 rats
53 creatures vanquished.

Notes
Turn   | Place    | Note
-------+----------+-------------------------------------------
     0 | D:1      | qw the Gargoyle Fighter began the quest for the Orb.
     0 | D:1      | Reached XP level 1. HP: 14/14 MP: 1/1
     0 | D:1      | 0 ||| qw: Version: 0.2-a-108-gee2c290
     0 | D:1      | 0 ||| qw: Game counter: 1523
     0 | D:1      | 0 ||| qw: Always use a shield: true
     0 | D:1      | 0 ||| qw: God list: Okawaru
     0 | D:1      | 0 ||| qw: Allow faded altars: false
     0 | D:1      | 0 ||| qw: Do Orc after D:15 true
     0 | D:1      | 0 ||| qw: Do second Lair branch before Depths: true
     0 | D:1      | 0 ||| qw: Lair rune preference: random
     0 | D:1      | 0 ||| qw: Plans: Normal, Zot:1-4, Slime:5, God:TSO, Crypt,
                  | Tomb, Abyss, Pan, Hells, Win
     0 | D:1      | 0 ||| PLANNING D:1-11
    46 | D:1      | Reached skill level 2 in Axes
   169 | D:1      | Reached XP level 2. HP: 19/19 MP: 2/2
   226 | D:1      | 226 ||| Stepping ~*~*~tactically~*~*~ (stealth).
   227 | D:1      | 227 ||| Stepping ~*~*~tactically~*~*~ (stealth).
   471 | D:1      | Reached skill level 3 in Axes
   481 | D:1      | Reached XP level 3. HP: 23/23 MP: 3/3
   982 | D:1      | 982 ||| UPGRADING to +0 pair of gloves.
   987 | D:1      | 987 ||| READING scroll labelled EPRE HU WODALUOB.
   988 | D:1      | 988 ||| READING scroll labelled BARGHO YROZUYSO.
  1057 | D:2      | Found a faded altar of an unknown god.
  1134 | D:2      | 1134 ||| DROPPING +0 club.
  1201 | D:2      | Reached XP level 4. HP: 17/28 MP: 4/4
  1321 | D:2      | 1321 ||| Stepping ~*~*~tactically~*~*~ (stealth).
  1322 | D:2      | 1322 ||| Stepping ~*~*~tactically~*~*~ (stealth).
  1424 | D:2      | Reached skill level 4 in Axes
  1598 | D:2      | 1598 ||| READING scroll labelled YJEETE OSMISUO.
  1599 | D:2      | 1599 ||| READING scroll labelled POBEXOW JESAU.
  1600 | D:2      | 1600 ||| READING 2 scrolls of identify.
  1600 | D:2      | 1600 ||| IDENTIFYING dark potion
  1601 | D:2      | 1601 ||| DROPPING potion of degeneration.
  1669 | D:3      | 1669 ||| DROPPING +0 mace.
  1700 | D:3      | 1700 ||| Stepping ~*~*~tactically~*~*~ (stealth).
  2066 | D:3      | 2066 ||| DROPPING scarf of shadows.
  2067 | D:3      | 2067 ||| DROPPING orb of light.
  2068 | D:3      | 2068 ||| DRINKING 2 fizzy ruby potions.
  2090 | D:4      | Noticed Duvessa
  2090 | D:4      | Noticed Dowan
  2093 | D:4      | 2093 ||| STAIRDANCE
  2095 | D:3      | HP: 3/28 [Duvessa/+0 short sword of venom (5)]
  2097 | D:3      | Slain by Duvessa

Levels and vault maps discovered:
D:1:      eino_arrival_water_cross, layout_loops_corners
D:2:      kennysheep_six_static_rooms, layout_rooms,
          ebering_ecumenical_altar_abandoned, kennysheep_small_spiral
D:3:      layout_rooms
D:4:      layout_rooms, uniq_duvessa, uniq_crazy_yiuf_cottage

Skill      XL: |  1  2  3  4 |
---------------+-------------+-----
Axes           | 2 3 4 |  4.4
Fighting       | |  3.2
Armour         | |  3.2
Shields        | |  3.2

Action                     |  1- 3 |  4- 6 || total
---------------------------+-------+-------++-------
  Melee: War axe           |   101 |    53 ||   154
    Use: Scroll            |     2 |     3 ||     5
         Potion            |       |     1 ||     1
 Armour: Scale mail        |    54 |    18 ||    72
  Dodge: Dodged            |    46 |    26 ||    72
  Block: Buckler           |    10 |    11 ||    21

Table legend:
 A = Non-vault XP
 B = Vault XP
 C = Vault XP percentage of total XP
 D = Non-vault monster count
 E = Vault monster count
 F = Vault count percentage of total count
                 A         B        C        D         E       F
            +---------+---------+-------+---------+---------+-------
      Total |     142 |      13 |   8.4 |      47 |       6 |  11.3
            +---------+---------+-------+---------+---------+-------
        D:1 |      57 |       0 |   0.0 |      25 |       0 |   0.0
        D:2 |      59 |      13 |  18.1 |      14 |       6 |  30.0
        D:3 |      22 |       0 |   0.0 |       7 |       0 |   0.0
        D:4 |       4 |       0 |   0.0 |       1 |       0 |   0.0
            +---------+---------+-------+---------+---------+-------
